 Dungeon Crawl Stone Soup version 0.23.0 (webtiles) character file.

Game seed: 10528274092712577526

66 vishdafish the Ruffian (level 3, -9/35 HPs)
             Began as a Troll Skald on Feb 16, 2019.
             Mangled by Crazy Yiuf
             ... wielding a +4 quarterstaff of chaos
              (11 damage)
             ... on level 2 of the Dungeon.
             The game lasted 00:01:54 (1262 turns).

vishdafish the Ruffian (Troll Skald)                Turns: 1262, Time: 00:01:55

Health: -9/35      AC:  6    Str: 19    XL:     3   Next: 96%
Magic:  4/4        EV: 10    Int: 13    God:
Gold:   84         SH:  0    Dex:  9    Spells: 4/5 levels left

rFire    . . .     SeeInvis .     - Unarmed
rCold    . . .     Gourm    +   (no shield)
rNeg     . . .     Faith    .   a - +0 robe
rPois    .         Spirit   .   (helmet restricted)
rElec    .         Reflect  .   (no cloak)
rCorr    .         Harm     .   (gloves unavailable)
MR       .....                  (boots unavailable)
Stlth    +.........             (no amulet)
HPRegen  0.51/turn              k - +3 ring of intelligence
MPRegen  0.09/turn              (no ring)

@: hasted, very quick
A: large, unfitting armour, claws 3, fast metabolism 3, gourmand, regeneration
1, shaggy fur 1, tough skin 3
a: no special abilities


You were on level 2 of the Dungeon.
You were near starving.

You visited 1 branch of the dungeon, and saw 2 of its levels.

You collected 84 gold pieces.

Inventory:

Armour
 a - a +0 robe (worn)
Jewellery
 k - a +3 ring of intelligence (left claw)
Scrolls
 b - a scroll of remove curse
 i - a scroll of identify {unknown}
 j - a scroll of fear {unknown}
 l - a scroll of teleportation {unknown}
 m - a scroll of fog
Potions
 d - 3 potions of curing {unknown}
 e - a potion of brilliance {unknown}
 f - a potion of agility {unknown}
 n - a potion of mutation {unknown}
Comestibles
 c - 3 rations


   Skills:
 + Level 2.0 Fighting
 + Level 2.3 Dodging
 + Level 2.5 Unarmed Combat
 + Level 1.5 Spellcasting
 + Level 2.3 Charms


You had 4 spell levels left.
You knew the following spells:

 Your Spells              Type           Power        Failure   Level  Hunger
a - Infusion              Chrm           #...         10%         1    ##.....

Your spell library contained the following spells:

 Spells                   Type           Power        Failure   Level  Hunger
 Song of Slaying          Chrm           #.......     16%         2    ###....
 Shroud of Golubria       Chrm/Tloc      #.........   26%         2    ###....
 Regeneration             Chrm/Necr      #.........   45%         3    ####...
 Spectral Weapon          Hex/Chrm       #.......     45%         3    ####...


Dungeon Overview and Level Annotations

Branches:
Dungeon (2/15)

Altars:

Annotations:
D:2 Crazy Yiuf


Innate Abilities, Weirdness & Mutations

You are too large for most types of armour.
You have claws for hands.
Your metabolism is lightning-fast.
You like to eat raw meat.
Your natural rate of healing is unusually fast.
You are covered in fur. (AC +1)
You have extremely tough skin. (AC +3)


Message History

Crazy Yiuf hits you with a +4 quarterstaff of chaos!
Crazy Yiuf freezes you.
* * * LOW HITPOINT WARNING * * *
You are too injured to fight recklessly!
You are too injured to fight recklessly!
You are too injured to fight recklessly!
You are too injured to fight recklessly!
You are too injured to fight recklessly!
You barely miss Crazy Yiuf.
Crazy Yiuf is heavily wounded.
Crazy Yiuf hits you with a +4 quarterstaff of chaos!
* * * LOW HITPOINT WARNING * * *
You feel yourself speed up.
Okay, then.
You barely miss Crazy Yiuf.
Crazy Yiuf is heavily wounded.
You completely miss Crazy Yiuf.
Crazy Yiuf is heavily wounded.
Crazy Yiuf hits you with a +4 quarterstaff of chaos!
You die...

##.###'#+#...............>#####.#
#...................#+#)#.....#.#
#.............................#..
#.......#################........
..)....## #...##....
.......###♣♣♣♣♣ #...+.....
.......#.)..♣.♣♣♣ ### #...###...
.............♣..♣#...# #...# #...
.....#......♣♣♣♣@g...# ##'####...
.....#.)..)♣♣ ♣♣#..)# #'........
.++###..##♣♣ ### ##........
.#......# #'........ .#......#
##........
.#......################'........
.#..............##......#.....###
##..............##......#....####
......#.........+.......#.......+


You could see Crazy Yiuf.

Vanquished Creatures
  3 adders (D:2)
  2 worms (D:2)
  5 bats
  A giant cockroach (D:2)
  5 goblins
  6 hobgoblins
  A ball python (D:1)
  3 frilled lizards
  A kobold (D:1)
  8 rats
35 creatures vanquished.

Notes
Turn   | Place    | Note
-------+----------+-------------------------------------------
     0 | D:1      | vishdafish the Troll Skald began the quest for the Orb.
     0 | D:1      | Reached XP level 1. HP: 19/19 MP: 1/1
   241 | D:1      | Reached XP level 2. HP: 27/27 MP: 3/3
   584 | D:2      | Reached XP level 3. HP: 25/35 MP: 4/4
  1093 | D:2      | Found a runed translucent door.
  1094 | D:2      | Noticed Crazy Yiuf
  1260 | D:2      | HP: 1/35 [Crazy Yiuf/+4 quarterstaff of chaos (10)]
  1262 | D:2      | Mangled by Crazy Yiuf

Skill      XL: |  1  2  3 |
---------------+----------+-----
Dodging        | 2 |  2.3
Fighting       | 2 |  2.0
Unarmed Combat | |  2.5
Spellcasting   | |  1.5
Charms         | |  2.3

Action                   || total
-------------------------++-------
Melee: Unarmed           ||   105
  Use: Scroll            ||     3
  Eat: Chunk             ||     7
Armor: Robe              ||    37
Dodge: Dodged            ||    58
